 Dungeon Crawl Stone Soup version 0.17.0-18-gaab0e96 (console) character file.

21 gw the Digger (level 3, -2/25 HPs)
             Began as a Human Earth Elementalist on Nov 12, 2015.
             Shot with a sling bullet by a hobgoblin (4 damage)
             ... on level 1 of the Dungeon.
             The game lasted 00:00:45 (833 turns).

gw the Digger (Human Earth Elementalist)             Turns: 833, Time: 00:00:45

Health: -2/25      AC:  3    Str:  8    XL:     3   Next: 5%
Magic:  5/6        EV: 11    Int: 16    God:
Gold:   41         SH:  0    Dex: 13    Spells: 3 memorised, 1 level left

rFire  . . .     SeeInvis .     a - +0 whip
rCold  . . .     Clarity  .     e - +0 leather armour
rNeg   . . .     SustAt   .     (no shield)
rPois  .         Gourm    .     (no helmet)
rElec  .         Spirit   .     (no cloak)
rCorr  .         Warding  .     (no gloves)
rMut   .         Stasis   .     (no boots)
MR     .....                    (no amulet)
Stlth  ++........               (no ring)
                                (no ring)

@: not resistant to hostile enchantments, unstealthy
A: no striking features
a: no special abilities


You were on level 1 of the Dungeon.
You were not hungry.

You visited 1 branch of the dungeon, and saw 1 of its levels.

You collected 41 gold pieces.

Inventory:

Hand Weapons
 a - a +0 whip (weapon)
Missiles
 b - 21 stones (quivered)
 f - 11 arrows
Armour
 e - a +0 leather armour (worn)
Books
 c - a book of Geomancy

   Spells                             Type                      Level
   a - Sandblast                      Earth                        1
   b - Stoneskin                      Transmutation/Earth          2
   c - Passwall                       Transmutation/Earth          3
   d - Stone Arrow                    Conjuration/Earth            3
   e - Petrify                        Transmutation/Earth          4
   f - Lee's Rapid Deconstruction     Earth                        5
Comestibles
 d - 2 bread rations


   Skills:
 + Level 0.4 Fighting
 + Level 0.4 Maces & Flails
 + Level 0.8 Armour
 - Level 2.0 Dodging
 - Level 2.0 Stealth
 * Level 2.5 Spellcasting
 - Level 1.0 Transmutations
 + Level 3.1 Earth Magic


You had one spell level left.
You knew the following spells:

 Your Spells              Type           Power        Failure   Level  Hunger
a - Sandblast             Erth           ##....       10%         1    #......
b - Stoneskin             Trmt/Erth      #.......     21%         2    ##.....
c - Stone Arrow           Conj/Erth      #.....       47%         3    ###....


Dungeon Overview and Level Annotations

Branches:
Dungeon (1/15)

Altars:


Message History

Unknown command.
Unknown command.
Unknown command.
Unknown command.
ATTACK MOVE TO (-1,0)
The hobgoblin shoots a sling bullet.
The sling bullet hits you.
You see here a sling bullet.
Unknown command.
Unknown command.
Unknown command.
Unknown command.
Casting: Sandblast
Confirm with . or Enter, or press ? or * to list all spells.
Aiming: Sandblast
Press: ? - help, Shift-Dir - straight line, f - hobgoblin
Aim: a hobgoblin, wielding a hunting sling The blast of sand hits the hobgoblin.
The hobgoblin is almost dead.
The hobgoblin shoots a sling bullet.
The sling bullet hits you.
You die...

.....###.# ...
#........# ...###
###........# ........
..........##......?#.
#...................
#........# #.##..#.
#........# #.##....
#g.p.(.>(# #.##.##.
########.# #.#...#.
........####..#.#..
.....#.............
####.#..###...###.#
#####.#....).......#
..........#####....
#.##.####.# #.#.#
##^##.# #.# #...%


You could see a hobgoblin.

Table legend:
 A = Turns spent in this place as a percentage of turns spent in the entire game.
 B = Non-inter-level travel turns spent in this place as a percentage of non-inter-level travel turns spent in the entire game.
 C = Inter-level travel turns spent in this place as a percentage of turns spent in this place.
 D = Turns resting spent in this place as a percentage of non-inter-level travel turns spent in this place.
 E = Turns spent auto-exploring this place as a percentage of non-inter-level travel turns spent in this place.
 F = Non-inter-level travel turns spent in this place divided by the number of levels of this place that you've seen.
                   A       B       C       D       E      F
               +-------+-------+-------+-------+-------+----------------------
         Total | 100.0 | 100.0 |   0.0 |   2.9 |   2.1 | 1042.0
       Dungeon | 100.0 | 100.0 |   0.0 |   2.9 |   2.1 | 1042.0
               +-------+-------+-------+-------+-------+----------------------

Table legend:
 A = Kills in this place as a percentage of kills in entire the game.
 B = Kills by you in this place as a percentage of kills by you in the entire game.
 C = Kills by friends in this place as a percentage of kills by friends in the entire game.
 D = Other kills in this place as a percentage of other kills in the entire game.
 E = Experience gained in this place as a percentage of experience gained in the entire game.
 F = Experience gained in this place divided by the number of levels of this place that you have seen.
                   A       B       C       D       E      F
               +-------+-------+-------+-------+-------+----------------------
         Total | 100.0 | 100.0 |  -nan |  -nan | 100.0 |  31.0
       Dungeon | 100.0 | 100.0 |  -nan |  -nan | 100.0 |  31.0
               +-------+-------+-------+-------+-------+----------------------

Vanquished Creatures
  An ooze (D:1)
  2 giant geckos (D:1)
  3 hobgoblins (D:1)
  2 kobolds (D:1)
  A ball python (D:1)
  A giant cockroach (D:1)
  A giant newt (D:1)
  2 goblins (D:1)
  3 rats (D:1)
16 creatures vanquished.

Notes
Turn   | Place    | Note
--------------------------------------------------------------
     0 | D:1      | gw the Human Earth Elementalist began the quest for the Orb.
     0 | D:1      | Reached XP level 1. HP: 13/13 MP: 3/3
   399 | D:1      | Reached XP level 2. HP: 19/19 MP: 3/5
   503 | D:1      | Learned a level 2 spell: Stoneskin
   740 | D:1      | Reached XP level 3. HP: 23/25 MP: 3/6
   773 | D:1      | Learned a level 3 spell: Stone Arrow
   832 | D:1      | HP: 1/25 [hobgoblin/sling bullet (5)]
   833 | D:1      | Shot with a sling bullet by a hobgoblin

Action                   || total
-------------------------++-------
Melee: Whip              ||     6
Throw: Stone             ||    30
 Cast: Sandblast         ||    26

Vault maps used:
D:1:      tarquinn_simple_flora_water_b, minmay_misc_feat_room
